 Dungeon Crawl Stone Soup version 0.26-a0-952-g76694b35de (webtiles) character file.

Game seed: 16494823980219660883

702 pkoi the Carver (level 7, -1/56 HPs)
             Began as a Minotaur Gladiator on Nov 30, 2020.
             Was an Initiate of Okawaru.
             Slain by Menkaure (16 damage)
             ... on level 4 of the Dungeon.
             The game lasted 00:03:58 (3608 turns).

pkoi the Carver (Minotaur Gladiator)                Turns: 3608, Time: 00:03:59

Health: -1/56      AC: 12    Str: 20    XL:     7   Next: 39%
Magic:  6/6        EV:  7    Int:  5    God:    Okawaru [......]
Gold:   255        SH:  0    Dex: 12    Spells: 6/6 levels left

rFire    . . .     SeeInvis .   a - +1 long sword
rCold    . . .     Faith    .   (no shield)
rNeg     . . .     Spirit   .   q - +0 plate armour
rPois    .         Reflect  .   c - +0 hat
rElec    .         Harm     .   (no cloak)
rCorr    .         Rampage  .   h - +0 pair of gloves
MR       .....                  (no boots)
Stlth    ..........             (no amulet)
HPRegen  0.18/turn              (no ring)
MPRegen  0.10/turn              (no ring)

@: no status effects
A: retaliatory headbutt, horns 2
a: Renounce Religion


You were on level 4 of the Dungeon.
You worshipped Okawaru.
Okawaru was noncommittal.
You visited 2 branches of the dungeon, and saw 5 of its levels.

You collected 255 gold pieces.

Inventory:

Hand Weapons
 a - a +1 long sword (weapon)
Missiles
 d - 3 throwing nets (quivered)
 p - 5 poisoned darts
 w - 4 javelins
Armour
 c - a +0 hat (worn)
 h - a +0 pair of gloves (worn)
 q - a +0 plate armour (worn)
Wands
 b - a wand of enslavement (13)
 l - a wand of disintegration (13)
 u - a wand of iceblast (23)
Scrolls
 g - a scroll of teleportation
 j - 4 scrolls of identify
 t - a scroll of blinking
Potions
 f - a potion of attraction {unknown}
 m - a potion of lignification
 o - 3 potions of magic {unknown}


   Skills:
 - Level 2.4 Fighting
 * Level 9.5 Long Blades
 - Level 2.0 Throwing
 + Level 2.7 Armour
 - Level 3.2 Dodging
 + Level 2.0 Evocations


You had 6 spell levels left.
You didn't know any spells.
Your spell library was empty.

Dungeon Overview and Level Annotations

Branches:
Dungeon (4/15)             Temple (1/1) D:4

Altars:
Ashenzari
Cheibriados
Fedhas
Gozag
Nemelex Xobeh
Okawaru
Qazlal
Uskayaw
Wu Jian
Xom
Zin
The Shining One

Annotations:
D:4 Menkaure


Innate Abilities, Weirdness & Mutations

You reflexively headbutt those who attack you in melee.
You have a pair of horns on your head.


Message History

Menkaure, Prince of Dust comes into view.
Menkaure is nearby!
Menkaure is nearby!
Menkaure is nearby!
Menkaure shouts!
Menkaure calls on the powers of darkness!
Your body is wracked with pain!
You completely miss Menkaure. You hit Menkaure.
Menkaure is moderately damaged.
Menkaure gestures wildly while chanting.
Menkaure seems to speed up.
You hit Menkaure.
Menkaure is moderately damaged.
Menkaure hits you!
* * * LOW HITPOINT WARNING * * *
You slash Menkaure! Your headbutt misses Menkaure.
Menkaure is severely damaged.
Menkaure hits you!
You die...

..... ... ... ... #.#
##. ########.# ....
#.........M# #.#..
#.........@##.....
#.................
#.............)...
#..........##..#.# ###
#..........#..## #..
#..........#.##
#.#.......
#.......)..#.#
#.#.....#.
##########...#
#.#.......
#####..######.#.....#.


You could see Menkaure (fast).

Vanquished Creatures
  Edmund (D:2)
  A water moccasin (D:3)
  A howler monkey (D:3)
  2 bullfrog zombies (D:3)
  3 orc wizards
  2 orc priests (D:4)
  A hound (D:4)
  An iguana (D:4)
  A worker ant (D:4)
  5 adders
  An ooze (D:3)
  3 worms
  3 dart slugs
  2 leopard geckos
  13 orcs
  11 bats
  6 giant cockroaches
  5 hobgoblins
  2 jackals (D:3)
  A quokka (D:2)
  6 frilled lizards
  7 goblins
  8 kobolds
  5 rats
91 creatures vanquished.

Notes
Turn   | Place    | Note
-------+----------+-------------------------------------------
     0 | D:1      | pkoi the Minotaur Gladiator began the quest for the Orb.
     0 | D:1      | Reached XP level 1. HP: 18/18 MP: 0/0
   218 | D:1      | Reached skill level 4 in Long Blades
   247 | D:1      | Reached XP level 2. HP: 20/25 MP: 1/1
   582 | D:1      | Reached skill level 5 in Long Blades
  1057 | D:2      | Reached XP level 3. HP: 30/30 MP: 2/2
  1175 | D:2      | Found a glowing silver altar of Zin.
  1530 | D:2      | Found a blossoming altar of Fedhas.
  1735 | D:3      | Reached skill level 6 in Long Blades
  1735 | D:3      | Reached XP level 4. HP: 21/37 MP: 3/3
  2203 | D:3      | Reached XP level 5. HP: 38/42 MP: 4/4
  2294 | D:3      | Reached skill level 7 in Long Blades
  2323 | D:3      | Noticed a water moccasin
  2333 | D:3      | Killed a water moccasin
  2334 | D:3      | Reached skill level 8 in Long Blades
  2615 | D:3      | Reached XP level 6. HP: 50/50 MP: 5/5
  2700 | D:4      | Reached skill level 1 in Armour
  2704 | D:4      | Noticed Edmund
  2707 | D:4      | Found a staircase to the Ecumenical Temple.
  2736 | D:2      | Killed Edmund
  2737 | D:2      | Reached skill level 9 in Long Blades
  2737 | D:2      | Reached skill level 1 in Evocations
  2913 | D:3      | Reached XP level 7. HP: 54/56 MP: 6/6
  2957 | Temple   | Entered the Ecumenical Temple
  3096 | Temple   | Became a worshipper of Warmaster Okawaru
  3600 | D:4      | Noticed Menkaure
  3608 | D:4      | Slain by Menkaure

Illustrated notes

Levels and vault maps discovered:
D:1:      scummos_arrival_gate, layout_basic, kennysheep_decorative_pillar,
          minmay_3d_cube
D:2:      layout_basic, lemuel_doored_altar, fedhas_altar_fruit_tree
D:3:      layout_rooms
D:4:      layout_rooms, minmay_temple_entry_statues_fountains, moated_statue,
          uniq_edmund, uniq_menkaure
Temple:   jpeg_temple_clearing

Skill      XL: |  1  2  3  4  5  6  7 |
---------------+----------------------+-----
Long Blades    | 4 5 6 8 9 |  9.5
Armour         | 2 |  2.7
Evocations     | 1 2 |  2.0
Fighting       | |  2.4
Throwing       | |  2.0
Dodging        | |  3.2

Action                   |  1- 3 |  4- 6 |  7- 9 || total
-------------------------+-------+-------+-------++-------
Melee: Long sword        |    86 |    99 |    43 ||   228
       Headbutt          |    15 |    17 |     5 ||    37
  Use: Scroll            |       |       |    11 ||    11
Armor: Leather armour    |    20 |     5 |       ||    25
       Plate armour      |       |    44 |    25 ||    69
Dodge: Dodged            |    56 |    40 |    10 ||   106
       Rpst.: Long sword |    10 |     9 |     1 ||    20

Table legend: (Time is in decaauts)
 A = Elapsed time spent in this place.
 B = Non-inter-level travel time spent in this place.
 C = Inter-level travel time spent in this place.
 D = Time resting spent in this place.
 E = Time spent auto-exploring this place.
 F = Levels seen in this place.
 G = Mean time per level.
                   A        B        C        D        E       F      G
               +--------+--------+--------+--------+--------+-----+--------+
         Total |   3625 |   3458 |    167 |    777 |   2028 |   5 |  725.0 |
       Dungeon |   3474 |   3336 |    138 |    777 |   1909 |   4 |  868.5 |
        Temple |    150 |    121 |     29 |      0 |    119 |   1 |  150.0 |
               +--------+--------+--------+--------+--------+-----+--------+

Top non-repeatable levels by time:
     D:3: 1130 daAuts
     D:2: 1021 daAuts
     D:1: 998 daAuts
     D:4: 324 daAuts
  Temple: 150 daAuts
